 Dungeon Crawl Stone Soup version 0.28.0-43-g3370ac3207 (webtiles) character file.

Game seed: 1611448574242139203

219 Ablot the Grasshopper (level 5, -4/43 HPs)
             Began as a Gnoll Warper on Mar 10, 2022.
             Slain by Grinder (7 damage)
             ... while paralysed by Grinder
             ... on level 3 of the Dungeon.
             The game lasted 00:05:35 (4307 turns).

Ablot the Grasshopper (Gnoll Warper)                Turns: 4307, Time: 00:05:35

Health: -4/43      AC:  4    Str: 12    XL:     5   Next: 96%
Magic:  12/12      EV:  2    Int: 13    God:
Gold:   76         SH:  0    Dex: 11    Spells: 12/14 levels left

rFire   . . .      SeeInvis .   a - +0 spear
rCold   . . .      Faith    .   (no shield)
rNeg    . . .      Spirit   .   b - +0 leather armour
rPois   .          Reflect  .   (no helmet)
rElec   .          Harm     .   o - +0 cloak
rCorr   .          Rampage  .   (no gloves)
Will    .....                   (no boots)
Stlth   +.........              (no amulet)
HPRegen 0.14/turn               (no ring)
MPRegen 0.13/turn               (no ring)

@: paralysed
A: fangs 1, strong nose, distributed training
a: no special abilities


You were on level 3 of the Dungeon.
You visited 1 branch of the dungeon, and saw 3 of its levels.

You collected 76 gold pieces.

Inventory:

Hand Weapons
 a - a +0 spear (weapon)
 k - a +0 hunting sling
Missiles
 d - 5 boomerangs of dispersal
 g - 25 stones (quivered)
Armour
 b - a +0 leather armour (worn)
 o - a +0 cloak (worn)
Jewellery
 h - a ring of fire
Scrolls
 c - a scroll of blinking
 f - 3 scrolls of identify {unknown}
 i - a scroll of enchant weapon {unknown}
 j - 2 scrolls of vulnerability {unknown}
 n - a scroll of fear {unknown}
Potions
 e - 2 potions of heal wounds {unknown}
 l - a potion of brilliance {unknown}
 m - a potion of flight {unknown}


   Skills:
 + Level 4.9 Fighting
 + Level 1.7 Short Blades
 + Level 1.7 Long Blades
 + Level 1.7 Axes
 + Level 1.7 Maces & Flails
 + Level 4.9 Polearms
 + Level 1.7 Staves
 + Level 1.7 Slings
 + Level 1.7 Bows
 + Level 1.7 Crossbows
 + Level 3.1 Throwing
 + Level 3.1 Armour
 + Level 4.9 Dodging
 + Level 1.7 Stealth
 + Level 1.7 Shields
 + Level 1.7 Unarmed Combat
 + Level 5.2 Spellcasting
 + Level 1.3 Conjurations
 + Level 1.3 Hexes
 + Level 1.3 Summonings
 + Level 1.3 Necromancy
 + Level 5.6 Translocations
 + Level 1.3 Transmutations
 + Level 1.3 Fire Magic
 + Level 1.3 Ice Magic
 + Level 1.3 Air Magic
 + Level 1.3 Earth Magic
 + Level 1.3 Poison Magic
 + Level 1.9 Invocations
 + Level 1.7 Evocations


You had 12 spell levels left.
You knew the following spells:

 Your Spells              Type           Power      Damage    Failure   Level
a - Blink                 Tloc           36%        N/A       3%          2

Your spell library contained the following spells:

 Spells                   Type           Power      Damage    Failure   Level
 Gell's Gravitas          Tloc           18%        N/A       7%          3
 Lesser Beckoning         Tloc           18%        N/A       7%          3
 Teleport Other           Tloc           18%        N/A       7%          3
 Sublimation of Blood     Necr           6%         N/A       21%         2
 Wereblood                Tmut           6%         N/A       21%         2
 Manifold Assault         Tloc           18%        N/A       54%         5
 Summon Hydra             Summ           3%         N/A       100%        7


Dungeon Overview and Level Annotations

Branches:
Dungeon (3/15)

Altars:

Annotations:
D:3 Grinder


Innate Abilities, Weirdness & Mutations

You have very sharp teeth.
Your uncanny sense of smell can sniff out nearby items.
Your experience applies equally to all skills.


Message History

Grinder gestures at you. Pain shoots through your body!
You closely miss Grinder.
Grinder is severely wounded.
Grinder hits you but does no damage.
You hit Grinder.
Grinder is severely wounded.
You completely miss Grinder. Your bite misses Grinder.
Grinder is severely wounded.
Grinder misses you.
You hit Grinder.
Grinder is almost dead.
Grinder hits you.
You writhe in agony.
* * * LOW HITPOINT WARNING * * *
You hit Grinder.
Grinder is almost dead.
Grinder hits you.
* * * LOW HITPOINT WARNING * * *
You hit Grinder but do no damage. You bite Grinder, but do no damage.
Grinder is almost dead.
Grinder closely misses you.
You hit Grinder but do no damage.
Grinder is almost dead.
Grinder hits you.
* * * LOW HITPOINT WARNING * * *
You writhe in agony.
* * * LOW HITPOINT WARNING * * *
You hit Grinder. Your bite misses Grinder.
Grinder is almost dead.
Grinder barely misses you.
You closely miss Grinder.
Grinder is almost dead.
Grinder gestures at you.
You suddenly lose the ability to move!
Grinder says, "DUCK!"
Grinder hits you.
* * * LOW HITPOINT WARNING * * *
Grinder hits you but does no damage. Grinder hits you!
You die...

### #.#
#######.#
#.@5....#
#.#####.# ###
#.# #.# ..(<
#(#
#.###########
..... #.#
#............
###
......#(###
#..##########
..#
..........#
#..# # #.#
.......(..#
#..# # #.#
..........#
#..# #


You could see Grinder.

Vanquished Creatures
  Natasha (thrice) (D:3)
  6 gnolls
  4 adders
  A dart slug (D:1)
  5 endoplasms
  A giant cockroach (D:3)
  5 goblins
  3 hobgoblins
  3 quokkas (D:2)
  6 ball pythons
  6 bats
  3 frilled lizards
  4 kobolds
  3 rats
53 creatures vanquished.

Vanquished Creatures (others)
  18 plants (D:3)
18 creatures vanquished.

Grand Total: 71 creatures vanquished

Notes
Turn   | Place    | Note
-------+----------+-------------------------------------------
     0 | D:1      | Ablot the Gnoll Warper began the quest for the Orb.
     0 | D:1      | Reached XP level 1. HP: 20/20 MP: 6/6
   302 | D:1      | Reached XP level 2. HP: 26/26 MP: 7/7
   305 | D:1      | Learned a level 2 spell: Blink
   578 | D:1      | Found a faded altar of an unknown god.
  1094 | D:2      | Reached skill level 5 in Spellcasting
  1094 | D:2      | Reached XP level 3. HP: 23/31 MP: 7/9
  1292 | D:1      | Reached skill level 1 in Invocations
  1389 | D:1      | Reached skill level 1 in Short Blades
  1389 | D:1      | Reached skill level 1 in Long Blades
  1389 | D:1      | Reached skill level 1 in Axes
  1389 | D:1      | Reached skill level 1 in Maces & Flails
  1389 | D:1      | Reached skill level 1 in Staves
  1389 | D:1      | Reached skill level 1 in Slings
  1389 | D:1      | Reached skill level 1 in Bows
  1389 | D:1      | Reached skill level 1 in Crossbows
  1389 | D:1      | Reached skill level 1 in Stealth
  1389 | D:1      | Reached skill level 1 in Shields
  1389 | D:1      | Reached skill level 1 in Unarmed Combat
  1389 | D:1      | Reached skill level 1 in Evocations
  1965 | D:2      | Reached XP level 4. HP: 38/38 MP: 11/11
  2609 | D:2      | Reached skill level 1 in Conjurations
  2609 | D:2      | Reached skill level 1 in Hexes
  2609 | D:2      | Reached skill level 1 in Summonings
  2609 | D:2      | Reached skill level 1 in Necromancy
  2609 | D:2      | Reached skill level 1 in Transmutations
  2609 | D:2      | Reached skill level 1 in Fire Magic
  2609 | D:2      | Reached skill level 1 in Ice Magic
  2609 | D:2      | Reached skill level 1 in Air Magic
  2609 | D:2      | Reached skill level 1 in Earth Magic
  2609 | D:2      | Reached skill level 1 in Poison Magic
  2929 | D:3      | Noticed Natasha
  2939 | D:3      | Killed Natasha
  2940 | D:3      | Reached XP level 5. HP: 15/43 MP: 12/12
  3646 | D:3      | Noticed Natasha
  3656 | D:3      | Killed Natasha
  3816 | D:3      | Noticed Natasha
  3840 | D:3      | Killed Natasha
  4252 | D:3      | Noticed Grinder
  4287 | D:3      | Paralysed by Grinder for 6 turns
  4304 | D:3      | Paralysed by Grinder for 5 turns
  4307 | D:3      | Slain by Grinder

Illustrated notes

Levels and vault maps discovered:
D:1:      amcnicky_arrival_choice, layout_loops_cross,
          ebering_ecumenical_altar_rust, lemuel_flame_loot_1
D:2:      layout_loops_ring
D:3:      layout_basic, solitary_fountain, serial_bayou_lagoon_b, uniq_grinder,
          uniq_natasha

Skill      XL: |  1  2  3  4  5 |
---------------+----------------+-----
Spellcasting   | 5 |  5.2
Invocations    | 1 |  1.9
Short Blades   | 1 |  1.7
Long Blades    | 1 |  1.7
Axes           | 1 |  1.7
Maces & Flails | 1 |  1.7
Staves         | 1 |  1.7
Slings         | 1 |  1.7
Bows           | 1 |  1.7
Crossbows      | 1 |  1.7
Stealth        | 1 |  1.7
Shields        | 1 |  1.7
Unarmed Combat | 1 |  1.7
Evocations     | 1 |  1.7
Conjurations   | 1 |  1.3
Hexes          | 1 |  1.3
Summonings     | 1 |  1.3
Necromancy     | 1 |  1.3
Transmutations | 1 |  1.3
Fire Magic     | 1 |  1.3
Ice Magic      | 1 |  1.3
Air Magic      | 1 |  1.3
Earth Magic    | 1 |  1.3
Poison Magic   | 1 |  1.3
Throwing       | 3 |  3.1
Armour         | 3 |  3.1
Fighting       | |  4.9
Polearms       | |  4.9
Dodging        | |  4.9
Translocations | |  5.6

Action                   |  1- 3 |  4- 6 || total
-------------------------+-------+-------++-------
Melee: Spear             |   106 |   197 ||   303
       Bite              |     6 |    15 ||    21
       Punch             |     5 |     2 ||     7
Throw: Stone             |     8 |    14 ||    22
 Stab: Sleeping          |       |     3 ||     3
Armor: Leather armour    |     9 |    28 ||    37
Dodge: Dodged            |    49 |    69 ||   118
